 Dungeon Crawl Stone Soup version 0.22-a0-396-g3f858e3 (webtiles) character file.

51790 KristoblXynda the Cleaver (level 15, -10/113 HPs)
             Began as a Formicid Fighter on May 3, 2018.
             Was an Initiate of Ru.
             Killed from afar by a fire dragon (23 damage)
             ... with a blast of flame
             ... on level 6 of the Lair of Beasts.
             The game lasted 00:46:55 (19536 turns).

KristoblXynda the Cleaver (Formicid Fighter)       Turns: 19536, Time: 00:46:56

Health: -10/113    AC: 13    Str: 22    XL:     15   Next: 3%
Magic:  0/15       EV: 22    Int: 15    God:    Ru [......]
Gold:   1396       SH: 15    Dex: 10    Spells: 14/14 levels left

rFire    + . .     SeeInvis +   a - +3 war axe (chop)
rCold    . . .     Gourm    .   c - +0 shield
rNeg     . . .     Faith    .   i - +0 acid dragon scales
rPois    .         Spirit   +   (helmet unavailable)
rElec    .         Reflect  +   m - scarf {Spirit}
rCorr    +         Harm     .   E - +0 pair of gloves (curse)
MR       +....                  (no boots)
Stlth    ..........             u - +4 amulet of reflection
HPRegen  0.28/turn              p - +3 ring of slaying
MPRegen  0.14/turn              D - +6 ring of evasion

@: lethally poisoned (-10 -> -60), very slightly contaminated, invisible
A: permanent stasis, dig shafts and tunnels, four strong arms, antennae 3,
molten scales 1, clever 1, fire resistance 1, subdued magic 1, no stealth
a: Dig, Shaft Self, Renounce Religion


You were on level 6 of the Lair of Beasts.
You worshipped Ru.
Ru was noncommittal.
You were not hungry.

You visited 4 branches of the dungeon, and saw 21 of its levels.
You also visited: Bailey.

You collected 1396 gold pieces.

Inventory:

Hand Weapons
 a - a +3 war axe of chopping (weapon)
 b - the +7 flail "Wimaijyn" {crush, Int+3 Dex+2}
   (You found it on level 3 of the Lair of Beasts)

   It inflicts extra damage upon your enemies.
   It affects your intelligence (+3).
   It affects your dexterity (+2).
Missiles
 h - 5 javelins (quivered)
Armour
 c - a +0 shield (worn)
 i - +0 acid dragon scales (worn)
 m - a scarf of spirit shield (worn)
 y - a scarf of resistance
 E - a cursed +0 pair of gloves (worn)
Jewellery
 p - a +3 ring of slaying (left hand)
 r - an uncursed ring of protection from cold
 u - a +4 amulet of reflection (around neck)
 B - an uncursed ring of wizardry
 D - a +6 ring of evasion (right hand)
Scrolls
 k - 5 scrolls of fear
 l - 3 scrolls of amnesia
 q - 3 scrolls of fog
 t - 9 scrolls of remove curse
 z - 5 scrolls of immolation
 A - 3 scrolls of enchant weapon
 C - a scroll of magic mapping
 G - a scroll of enchant armour
 K - a scroll of brand weapon
 M - a scroll of holy word
Potions
 d - 2 potions of cancellation
 e - 4 potions of flight
 g - a potion of agility
 j - 5 potions of brilliance
 n - 2 potions of ambrosia
 o - 3 potions of resistance {unknown}
 s - a potion of mutation
 v - 2 potions of curing
 w - a potion of magic {unknown}
 H - a potion of invisibility
 J - 2 potions of might
Comestibles
 f - 34 rations
 x - 5 chunks of flesh


   Skills:
 + Level 9.3 Fighting
 + Level 14.7 Axes
 + Level 0.3 Throwing
 - Level 14.3 Armour
 - Level 10.0 Dodging
 - Level 9.7 Shields


You had 14 spell levels left.
You didn't know any spells.

Dungeon Overview and Level Annotations

Branches:
Dungeon (13/15)            Temple (1/1) D:4            Lair (6/6) D:9
  Swamp (0/4) Lair:4       Spider (0/4) Lair:4        Slime (0/5) Lair:5
    Orc (1/2) D:10
 Vaults: D:13-14

Altars:
Ashenzari
Cheibriados
Dithmenos
Elyvilon
Fedhas
Gozag
Hepliaklqana
Kikubaaqudgha
Makhleb
Nemelex Xobeh
Okawaru
Qazlal
Ru
Sif Muna
Trog
Uskayaw
Vehumet
Wu Jian
Xom
Yredelemnul
Zin
The Shining One
Jiyva

Shops:
D:5 :   D:9 (

Annotations:
Lair:5 exclusion: oklob plant
Lair:6 exclusion: 4 oklob plants


Innate Abilities, Weirdness & Mutations

You cannot be hasted, slowed, berserked, paralysed or teleported.
You can dig through walls and to a lower floor.
Your four strong arms can wield two-handed weapons with a shield.
You have a pair of large antennae on your head. (SInv)
You cannot be stealthy.
You are partially covered in molten scales. (AC +2)
Your mind is acute. (Int +2)
Your flesh is heat resistant. (rF+)
Your spells are a little easier to cast, but a little less powerful.


Message History

You block the swamp dragon's attack. The fire dragon misses you.
You block the fire dragon's attack. x2
You hit the swamp dragon but do no damage.
The swamp dragon is heavily wounded.
You barely miss the fire dragon.
You are engulfed in poison gas.
You are lethally poisoned!
* * * LOW HITPOINT WARNING * * *
x2 You feel sick.
You block the swamp dragon's attack. The swamp dragon barely misses you.
You block the swamp dragon's attack.
You strike the helpless swamp dragon from behind!
You slash the swamp dragon!
The swamp dragon is severely wounded.
You strike the helpless fire dragon from behind!
You slash the fire dragon!
You are engulfed in poison gas.
You are more poisoned.
* * * LOW HITPOINT WARNING * * *
x2 You feel very sick.
The fire dragon breathes flames at you. The blast of flame hits you!
You resist.
You die...

.♣♣≈≈≈..♣♣♣♣.≈≈≈≈.♣
[♣≈≈♣♣≈.P♣♣.≈≈≈≈≈≈♣
..≈♣♣..≈≈♣♣♣≈≈≈≈≈≈♣
≈≈≈♣♣♣..≈.♣♣.≈≈≈≈≈♣
÷≈♣..♣.....♣♣..≈≈≈♣
≈.♣..♣..[♣♣♣...†≈.♣
≈♣♣♣.†♣♣.≈.♣♣..≈§§♣
≈≈♣♣...♣♣♣≈≈≈≈§DD♣♣
≈≈♣♣.♣♣♣♣≈≈≈≈≈P§@♣
[[♣♣♣♣ ♣♣P≈≈≈.§♣♣
...### ♣♣♣♣♣♣♣♣
.....# ######
.....## #....##
.....P### ###....#
.....##.## ##P...#.#
.....###.###......#
....#.#......#..##.#


You could see a fire dragon and a swamp dragon.

Vanquished Creatures
  Gastronok (Lair:3)
  An entropy weaver (Lair:4)
  Fannar (Lair:3)
  An ice dragon (Lair:6)
  2 hydras
  5 two-headed ogres
  A queen ant (Lair:4)
  The ghost of Zgarb the Jinx, a journeyman SpEn of Kikubaaqudgha (Lair:2)
  3 unseen horrors
  A lindwurm (Lair:6)
  5 ugly things
  A deep elf mage (D:11)
  2 cyclopes
  6 black mambas
  5 elephants
  3 gargoyles
  5 torpor snails (Lair:6)
  An efreet (D:13)
  10 spiny frogs
  13 komodo dragons
  3 rime drakes
  A kobold demonologist (D:12)
  Grinder (D:6)
  4 tyrant leeches (Lair:6)
  8 hornets
  4 polar bears
  The ghost of whitenoisemaker the Changer, an amateur DrTm of Uskayaw (D:5)
  6 blink frogs
  7 hippogriffs
  Sigmund (D:6)
  3 redbacks (Lair:4)
  2 wyverns
  A hungry ghost (D:9)
  A human (D:7)
  2 hogs (D:7)
  13 yaks
  A basilisk (Lair:6)
  2 steam dragons (Lair:6)
  18 soldier ants
  15 water moccasins
  10 porcupines
  5 acid dragons
  Duvessa (D:7)
  3 ice beasts
  3 orc warriors
  2 swamp drakes (Lair:6)
  4 sky beasts
  5 phantoms
  6 black bears
  A necrophage (D:11)
  5 ogres
  4 wolves
  4 boggarts (Lair:6)
  A centaur (D:5)
  9 crocodiles
  2 big kobolds
  8 bullfrogs
  Dowan (D:7)
  6 scorpions
  15 killer bees
  3 wights (D:11)
  An electric eel (Lair:6)
  10 howler monkeys
  8 crimson imps
  A centaur zombie (D:11)
  2 quasits (D:10)
  4 bullfrog skeletons
  2 hounds
  6 jellies
  5 orc priests
  Crazy Yiuf (D:4)
  3 iguanas
  2 centaur skeletons
  10 orc wizards
  21 worker ants
  A killer bee zombie (D:6)
  2 hound skeletons
  A worker ant zombie (D:7)
  8 adders
  2 shadow imps
  An ooze (Lair:5)
  An adder skeleton (D:8)
  4 worms
  A dart slug (D:1)
  5 leopard geckos
  45 orcs
  A ball python (D:2)
  2 giant cockroaches (D:2)
  4 goblins
  4 hobgoblins (D:1)
  5 jackals
  5 quokkas
  7 bats
  2 frilled lizards
  11 kobolds
  5 rats
  5 fungi
  2 plants
460 creatures vanquished.

Vanquished Creatures (others)
  An orc warrior (Bailey)
  A centaur (D:5)
  A fungus (Lair:2)
  32 plants
35 creatures vanquished.

Grand Total: 495 creatures vanquished

Notes
Turn   | Place    | Note
-------+----------+-------------------------------------------
     0 | D:1      | KristoblXynda the Formicid Fighter began the quest for the Orb.
     0 | D:1      | Reached XP level 1. HP: 18/18 MP: 1/1
    90 | D:1      | Reached XP level 2. HP: 22/24 MP: 2/2
   460 | D:2      | Reached XP level 3. HP: 29/29 MP: 3/3
   572 | D:2      | Reached XP level 4. HP: 22/35 MP: 4/4
  1069 | D:2      | Noticed an ogre
  1078 | D:2      | Killed an ogre
  1078 | D:2      | Reached XP level 5. HP: 35/41 MP: 5/5
  1220 | D:3      | Found an iron altar of Okawaru.
  1257 | D:3      | Reached XP level 6. HP: 47/47 MP: 6/6
  1334 | D:3      | Reached skill level 5 in Shields
  1521 | D:3      | Noticed a sky beast
  1529 | D:3      | Killed a sky beast
  1529 | D:3      | Reached skill level 5 in Axes
  1862 | D:4      | Reached XP level 7. HP: 46/52 MP: 5/7
  2012 | D:4      | Reached skill level 5 in Armour
  2216 | D:4      | Found a staircase to the Ecumenical Temple.
  2218 | D:4      | Found a faded altar of an unknown god.
  2344 | D:4      | Found a burning altar of Makhleb.
  2560 | D:5      | Entered Level 5 of the Dungeon
  2560 | D:5      | Noticed whitenoisemaker's ghost (amateur DrTm)
  2588 | D:5      | Killed whitenoisemaker's ghost
  2588 | D:5      | Reached XP level 8. HP: 58/58 MP: 8/8
  2678 | D:5      | Found Haisu's Book Shoppe.
  2679 | D:5      | Found a sacrificial altar of Ru.
  2691 | D:5      | Became a worshipper of Ru the Awakened
  2829 | Temple   | Entered the Ecumenical Temple
  3094 | D:4      | Found a runed door.
  3098 | D:4      | Noticed Crazy Yiuf
  3100 | D:4      | Killed Crazy Yiuf
  3522 | D:5      | Found a basalt altar of Yredelemnul.
  3527 | D:5      | Found a glowing golden altar of the Shining One.
  3529 | D:5      | Noticed an angel
  3601 | D:5      | Found an ancient bone altar of Kikubaaqudgha.
  3601 | D:5      | Found an ornate altar of the Wu Jian Council.
  3711 | D:6      | Noticed Grinder
  3721 | D:6      | Killed Grinder
  3744 | D:6      | Reached XP level 9. HP: 64/64 MP: 9/9
  3913 | D:6      | Noticed Sigmund
  3920 | D:6      | Killed Sigmund
  4471 | D:7      | Found a shattered altar of Ashenzari.
  4599 | D:7      | Noticed a hippogriff
  4606 | D:7      | Killed a hippogriff
  4717 | D:7      | Noticed a hippogriff
  4727 | D:7      | Killed a hippogriff
  4727 | D:7      | Reached XP level 10. HP: 42/70 MP: 7/10
  4881 | D:7      | Found a shimmering altar of Xom.
  4882 | D:7      | Found a hazy altar of Hepliaklqana.
  4883 | D:7      | Noticed a spectral ugly thing
  4890 | D:7      | Gained mutation: You cannot be stealthy. [Ru sacrifice]
  4956 | D:7      | Noticed Duvessa
  4956 | D:7      | Noticed Dowan
  4961 | D:7      | Killed Duvessa
  4974 | D:7      | Killed Dowan
  5121 | D:8      | Reached skill level 10 in Axes
  5553 | D:8      | Found a deep blue altar of Sif Muna.
  5595 | D:8      | Noticed a two-headed ogre
  5605 | D:8      | Killed a two-headed ogre
  6257 | D:9      | Reached skill level 1 in Dodging
  6259 | D:9      | Noticed a two-headed ogre
  6271 | D:9      | Killed a two-headed ogre
  6271 | D:9      | Reached XP level 11. HP: 44/75 MP: 5/11
  6784 | D:9      | Found a stormy altar of Qazlal.
  6814 | D:9      | Found a staircase to the Lair.
  6815 | D:9      | Noticed a two-headed ogre
  6825 | D:9      | Killed a two-headed ogre
  6828 | D:9      | Found Ymutax's Weapon Boutique.
  7835 | D:10     | Entered Level 10 of the Dungeon
  7837 | D:10     | Reached skill level 10 in Armour
  7880 | D:10     | Noticed an unseen horror
  7953 | D:10     | Killed an unseen horror
  8333 | D:10     | Found a bloodstained altar of Trog.
  8649 | D:10     | Gained mutation: You are clumsy. (Dex -2) [potion of mutation]
  8649 | D:10     | Lost mutation: You are clumsy. (Dex -2) [potion of mutation]
  8649 | D:10     | Gained mutation: You have very sharp teeth. [potion of mutation]
  8650 | D:10     | Lost mutation: You have very sharp teeth. [potion of mutation]
  8650 | D:10     | Gained mutation: Scrolls take you a little longer to read. [potion of mutation]
  8650 | D:10     | Gained mutation: You have sharp toenails. [potion of mutation]
  8651 | D:10     | Lost mutation: Scrolls take you a little longer to read. [potion of mutation]
  8651 | D:10     | Lost mutation: You have sharp toenails. [potion of mutation]
  8651 | D:10     | Gained mutation: Your flesh is heat resistant. (rF+) [potion of mutation]
  8651 | D:10     | Gained mutation: Your mind is acute. (Int +2) [potion of mutation]
  8651 | D:10     | Gained mutation: Your spells are a little easier to cast, but a little less powerful. [potion of mutation]
  8651 | D:10     | Gained mutation: You are partially covered in molten scales. (AC +2) [potion of mutation]
  8730 | D:10     | Found a staircase to the Orcish Mines.
  8975 | Orc:1    | Entered Level 1 of the Orcish Mines
  9041 | D:11     | Noticed a two-headed ogre
  9052 | D:11     | Killed a two-headed ogre
  9104 | D:11     | Found a flagged portal.
  9122 | Bailey   | Entered a bailey
  9124 | Bailey   | Noticed an orc knight
  9125 | Bailey   | Noticed an orc knight
  9129 | Bailey   | Noticed an orc knight
  9150 | Bailey   | HP: 2/75 [orc knight/trident (17)]
  9594 | D:11     | Noticed a cyclops
  9606 | D:11     | Reached skill level 5 in Dodging
  9626 | D:11     | Killed a cyclops
  9703 | D:11     | Reached XP level 12. HP: 65/81 MP: 9/12
  9855 | D:11     | Noticed an unseen horror
  9867 | D:11     | Killed an unseen horror
 10162 | D:11     | Noticed an unseen horror
 10173 | D:11     | Killed an unseen horror
 10429 | D:12     | Noticed a two-headed ogre
 10441 | D:12     | Killed a two-headed ogre
 10687 | D:12     | Noticed a sun demon
 11081 | D:13     | Reached XP level 13. HP: 53/88 MP: 13/13
 11088 | D:13     | Noticed a six-headed hydra
 11201 | Lair:1   | Entered Level 1 of the Lair of Beasts
 11697 | Lair:1   | Noticed an eight-headed hydra
 11705 | Lair:1   | You fall through a shaft!
 11711 | Lair:2   | Noticed Zgarb's ghost (journeyman SpEn)
 11745 | Lair:2   | Killed Zgarb's ghost
 11767 | Lair:2   | You fall through a shaft!
 11767 | Lair:3   | Noticed Fannar
 11768 | Lair:3   | Noticed Gastronok
 11783 | Lair:3   | Killed Fannar
 11795 | Lair:3   | Killed Gastronok
 11795 | Lair:3   | Reached skill level 5 in Fighting
 12278 | Lair:3   | Got a crystal flail
 12279 | Lair:3   | Identified the +7 flail "Wimaijyn" {crush, Int+3 Dex+2} (You found it on level 3 of the Lair of Beasts)
 12660 | Lair:1   | Killed an eight-headed hydra
 14876 | Lair:3   | Reached XP level 14. HP: 68/103 MP: 11/14
 14931 | Lair:4   | Noticed an entropy weaver
 15115 | Lair:4   | Noticed an entropy weaver
 15640 | Lair:4   | Found a staircase to the Swamp.
 15656 | Lair:4   | Killed an entropy weaver
 16159 | Lair:4   | Found a hole to the Spider Nest.
 16302 | Lair:5   | Found a viscous altar of Jiyva.
 16303 | Lair:5   | Found a runed door.
 16314 | Lair:5   | Found a staircase to the Slime Pits.
 17175 | Lair:6   | Entered Level 6 of the Lair of Beasts
 18251 | Lair:6   | Found a runed door.
 19027 | Lair:6   | Reached skill level 10 in Dodging
 19278 | Lair:6   | Reached XP level 15. HP: 76/113 MP: 15/15
 19536 | Lair:6   | Killed from afar by a fire dragon

Vault maps used:
D:1:      dpeg_arrival_rhombus
D:2:      hangedman_glass_teeth
D:3:      okawaru_gym_becter, first_ration, minmay_misc_feat_encased
D:4:      overflow_temple_1_default, nicolae_temple_entry_ecumenical,
          minivault_26, uniq_crazy_yiuf_cottage
D:5:      grunt_temple_overflow_holy_war, lemuel_crystal_altar,
          gammafunk_temple_overflow_wave, serial_shops, shop, patterned_corridor
D:6:      uniq_grinder, uniq_sigmund
D:7:      regret_index_temple_of_mockery, overflow_temple_1_default,
          grunt_livestock, serial_park_tiny_2, uniq_duvessa
D:8:      lemuel_round_altar, st_stairs_3, minmay_door_square,
          minmay_small_thing
D:9:      lair_entry_dummy, serial_shops, shop, nicolae_qazlal_style_of_elements
D:10:     hiddenorc1_lemuel, trog_ov_bears_minmay
D:11:     enter_bailey_2
D:13:     hangedman_abyss_or_decor_stabs
Temple:   minmay_temple_curvy_loop
Lair:2:   lemuel_fruit_tree
Lair:3:   uniq_fannar, uniq_gastronok
Lair:4:   swamp_mist_pool, spider_nest_entry_webs, zaba_antful_of_joy
Lair:5:   slime_altar_2
Lair:6:   wormcave, guppyfry_lair_end_dragon, serial_bayou_pond_b, minivault_27,
          small_statue_intersection, st_stairs_3, serial_bayou_pond_b,
          minivault_24, kilobyte_rumbling_trees, minmay_lair_oklob_chamber
Orc:1:    uniq_erica
Bailey:   bailey_polearm_4, bailey

Skill      XL: |  1  2  3  4  5  6  7  8  9 10 11 12 13 14 |
---------------+-------------------------------------------+-----
Shields        | 4 5 6 7 8 9 |  9.7
Axes           | 3 4 5 6 7 9 11 12 13 14 | 14.7
Armour         | 4 5 6 8 9 10 12 13 14 | 14.3
Dodging        | 2 5 7 8 10 | 10.0
Fighting       | 7 9 |  9.3
Throwing       | |  0.3

Action                   |  1- 3 |  4- 6 |  7- 9 | 10-12 | 13-15 || total
-------------------------+-------+-------+-------+-------+-------++-------
Melee: War axe           |    75 |    97 |   192 |   677 |   865 ||  1906
       Flail             |       |       |       |       |    26 ||    26
Throw: Javelin           |       |       |     2 |       |     1 ||     3
Invok: Sacrifice Stealth |       |       |       |     1 |       ||     1
       Reject Sacrifices |       |       |       |     1 |     1 ||     2
 Abil: Shaft Self        |       |       |       |       |     1 ||     1
Evoke: Wand              |       |       |       |     3 |     9 ||    12
  Use: Scroll            |       |     6 |     5 |    14 |     8 ||    33
       Potion            |       |       |     1 |     7 |     7 ||    15
 Stab: Invisible         |       |       |       |       |     2 ||     2
  Eat: Chunk             |       |     2 |     9 |    10 |     8 ||    29
       Ration            |       |       |     1 |     3 |     6 ||    10
Armor: Scale mail        |    46 |    30 |    39 |   107 |       ||   222
       Acid dragon scale |       |       |       |     3 |   102 ||   105
Dodge: Dodged            |    37 |    26 |    48 |   350 |   476 ||   937
Block: Shield            |    70 |    77 |   148 |   551 |   558 ||  1404
       Reflection        |       |       |     5 |    15 |     4 ||    24

Table legend:
 A = Spawn XP
 B = Non-spawn XP
 C = Spawn XP percentage of total XP
 D = Spawn monster count
 E = Non-spawn monster count
 F = Spawn count percentage of total count
 G = Total turns spent on level
                    A         B        C        D         E        F      G
               +---------+---------+-------+---------+---------+-------+---------
         Total |       0 |   73987 |   0.0 |       0 |     455 |   0.0 | 19536
               +---------+---------+-------+---------+---------+-------+---------
           D:1 |       0 |      23 |   0.0 |       0 |      12 |   0.0 |   450
           D:2 |       0 |     228 |   0.0 |       0 |      25 |   0.0 |   766
           D:3 |       0 |     256 |   0.0 |       0 |      17 |   0.0 |   640
           D:4 |       0 |     273 |   0.0 |       0 |      10 |   0.0 |   886
           D:5 |       0 |     635 |   0.0 |       0 |      10 |   0.0 |   666
           D:6 |       0 |     939 |   0.0 |       0 |      10 |   0.0 |   587
           D:7 |       0 |    2333 |   0.0 |       0 |      19 |   0.0 |   900
           D:8 |       0 |    2426 |   0.0 |       0 |      24 |   0.0 |  1110
           D:9 |       0 |    2800 |   0.0 |       0 |      24 |   0.0 |  1652
          D:10 |       0 |    3183 |   0.0 |       0 |      52 |   0.0 |  1207
          D:11 |       0 |    7407 |   0.0 |       0 |      40 |   0.0 |  1315
          D:12 |       0 |    4199 |   0.0 |       0 |      25 |   0.0 |   599
          D:13 |       0 |    2814 |   0.0 |       0 |      10 |   0.0 |   183
        Lair:1 |       0 |    2501 |   0.0 |       0 |       5 |   0.0 |  1356
        Lair:2 |       0 |    4536 |   0.0 |       0 |      14 |   0.0 |   809
        Lair:3 |       0 |    6871 |   0.0 |       0 |      20 |   0.0 |  1962
        Lair:4 |       0 |   10648 |   0.0 |       0 |      55 |   0.0 |   932
        Lair:5 |       0 |    3920 |   0.0 |       0 |      18 |   0.0 |   915
        Lair:6 |       0 |   17862 |   0.0 |       0 |      63 |   0.0 |  2361
        Bailey |       0 |     133 |   0.0 |       0 |       2 |   0.0 |    29
               +---------+---------+-------+---------+---------+-------+---------
